 Dungeon Crawl Stone Soup version 0.31-a0-361-g0f8bd3a31e (webtiles) character file.

Game seed: 15001272000767446406

32 AIAndy the Magician (level 3, -1/3 HPs)
             Began as a Djinni Fire Elementalist on July 27, 2023.
             Frozen to death by an endoplasm (4 damage)
             ... on level 1 of the Dungeon.
             The game lasted 00:03:38 (401 turns).

AIAndy the Magician (Djinni Fire Elementalist)       Turns: 401, Time: 00:03:39

Health: -1/3       AC: 16    Str: 19    XL:     3   Next: 42%
Gold:   29         EV:  8    Int: 16    God:
                   SH:  0    Dex: 13

rFire   + + .        (weapon currently unavailable)
rCold   x . .        (shield currently unavailable)
rNeg    . . .        a - melded +0 robe
rPois   ∞            (helmet currently unavailable)
rElec   .            (cloak currently unavailable)
rCorr   .            (gloves currently unavailable)
SInv    .            (boots unavailable)
Will    .....        (no amulet)
Stlth   ++           (no ring)
HPRegen 0.20/turn    (no ring)
MPRegen 0.00/turn

%: infuse magic (-2 HP)
@: short of breath, dragon-form, flying
A: dragon claw, dragon scales, breathe fire, flying, reduced hp, sickness
immunity, giant, (fire resistance 2), (cold vulnerability 1), float, innate
caster, HP casting, extra vitality 1
a: Breathe Fire, Begin Untransformation


You were on level 1 of the Dungeon.
You were a fearsome dragon!
You visited 1 branch of the dungeon, and saw 2 of its levels.

You collected 29 gold pieces.


Innate Abilities, Weirdness & Mutations

You are a fearsome dragon!
You have a powerful clawing attack.
Your giant scaled body is strong and resiliant, but less evasive.
You can breathe fire.
You are flying.
Your maximum health is decreased, since you lack skill for your form.
Your armour is entirely melded.
You are incapable of wielding weapons or throwing items.
You are immune to sickness and miasma.
You are immune to poison.
((Your flesh is very heat resistant. (rF++)))
((You are vulnerable to cold. (rC-)))
You float through the air rather than walking.
You learn spells naturally, not from books.
Your magical power is your life essence.
You have superior vitality. (+4 MHP)


   Skills:
 - Level 2.1 Dodging
 - Level 1.5 Stealth
 - Level 3.5 Spellcasting
 - Level 3.5 Conjurations
 - Level 3.5 Hexes
 - Level 3.5 Summonings
 - Level 3.5 Necromancy
 - Level 3.5 Translocations
 - Level 3.5 Transmutations
 - Level 3.5 Fire Magic
 - Level 3.5 Ice Magic
 - Level 3.5 Air Magic
 - Level 3.5 Earth Magic
 - Level 3.5 Poison Magic
 * Level 1.0 Shapeshifting


You knew the following spells:

 Your Spells              Type           Power      Damage    Failure   Level
a - Flame Wave            Conj/Fire      14%        2d6       38%         4
f - Inner Flame           Hex/Fire       14%        N/A       13%         3
z - Shock                 Conj/Air       56%        1d6       4%          1
X - Foxfire               Conj/Fire      56%        2x1d6     4%          1
Y - Scorch                Fire           28%        2d6       6%          2
Z - Volatile Blastmotes   Fire/Tloc      28%        2d12      13%         3
Your spell library was empty.

Inventory:

Armour
 a - a +0 robe (melded)
Talismans
 c - a dragon-blood talisman
Scrolls
 d - 2 scrolls of enchant armour {unknown}
 g - a scroll of identify {unknown}
 h - a scroll of teleportation {unknown}
Potions
 b - a potion of heal wounds {unknown}
 e - a potion of attraction {unknown}
 f - a potion of magic {unknown}

Dungeon Overview and Level Annotations

Branches:
Dungeon (2/15)

Altars:

########## #........###
#).........# #..........#
#........... ###
#........... ..##
#....†..!..# .....
#JD......## ....[
######.......$.
...........+....).......>.
#..........####)#....###..
...........# #.#....# .
##.........# ##.#.......
#.........###..#.......
##.........#...###.......
#................#.......


You could see an endoplasm.


Message History

Aiming: Breathe Fire (1% risk of failure)
Press: ? - help, Shift-Dir - straight line, f - goblin
Aim: a goblin, wielding a +0 dagger (60% to hit)
You breathe a blast of fire.
The fiery breath hits the goblin!
You kill the goblin!
The kobold shouts!
The kobold throws a stone.
The stone hits you but does no damage.
There is an open door here.
You claw the endoplasm!
You kill the endoplasm!
Your Shapeshifting skill increases to level 1!
You closely miss the kobold.
The kobold throws a stone.
The stone hits you but does no damage.
You claw the kobold!
You kill the kobold!
You closely miss the kobold.
Your tail-slap misses the kobold.
The kobold closely misses you.
You claw the kobold!
You kill the kobold!
There is an open door here.
Things that are here:
a +0 dagger; a stone; a kobold corpse An endoplasm is nearby!
Use which ability? (? or * to list)
You can't do that yet.
The endoplasm quivers.
The endoplasm freezes you.
You are frozen.
You feel a terrible chill!
Ouch! That really hurt!
You die...

Skill      XL: |  1  2  3 |
---------------+----------+-----
Spellcasting   | |  3.5
Conjurations   | |  3.5
Hexes          | |  3.5
Summonings     | |  3.5
Necromancy     | |  3.5
Translocations | |  3.5
Transmutations | |  3.5
Fire Magic     | |  3.5
Ice Magic      | |  3.5
Air Magic      | |  3.5
Earth Magic    | |  3.5
Poison Magic   | |  3.5
Shapeshifting  | 1 |  1.0
Dodging        | |  2.1
Stealth        | |  1.5

Action                     || total
---------------------------++-------
  Melee: Unarmed           ||    19
         Bite              ||     1
   Cast: Foxfire           ||    25
Ability: Breathe Fire      ||     3
 Armour: Skin              ||    13
  Dodge: Dodged            ||     6
   Form: Dragon            ||     1

Levels and vault maps discovered:
D:1:      nagdon_arrival_double_spiral, layout_basic
D:2:      layout_loops_ring, uniq_sigmund

Notes
Turn   | Place    | Note
-------+----------+-------------------------------------------
     0 | D:1      | Reached skill level 3 in Spellcasting
     0 | D:1      | Reached skill level 3 in Conjurations
     0 | D:1      | Reached skill level 3 in Hexes
     0 | D:1      | Reached skill level 3 in Summonings
     0 | D:1      | Reached skill level 3 in Necromancy
     0 | D:1      | Reached skill level 3 in Translocations
     0 | D:1      | Reached skill level 3 in Transmutations
     0 | D:1      | Reached skill level 3 in Fire Magic
     0 | D:1      | Reached skill level 3 in Ice Magic
     0 | D:1      | Reached skill level 3 in Air Magic
     0 | D:1      | Reached skill level 3 in Earth Magic
     0 | D:1      | Reached skill level 3 in Poison Magic
     0 | D:1      | AIAndy the Djinni Fire Elementalist began the quest for the
                  | Orb.
     0 | D:1      | AIAndy set off with the following spells memorised:
                  | Foxfire, Scorch, Volatile Blastmotes, Inner Flame, Flame
                  | Wave.
     0 | D:1      | Reached XP level 1. HP: 15/15 MP: 0/0
   140 | D:1      | Reached XP level 2. HP: 19/21 MP: 0/0
   201 | D:1      | You are sucked into a shaft and drop 1 floor!
   277 | D:1      | Reached XP level 3. HP: 3/25 MP: 0/0
   277 | D:1      | Learned a level 1 spell: Shock
   395 | D:1      | Reached skill level 1 in Shapeshifting
   401 | D:1      | Frozen to death by an endoplasm

Vanquished Creatures
  2 dart slugs (D:1)
  3 ball pythons (D:1)
  4 endoplasms (D:1)
  3 giant cockroaches (D:1)
  2 goblins (D:1)
  2 hobgoblins (D:1)
  2 bats (D:1)
  A frilled lizard (D:1)
  3 kobolds (D:1)
  4 rats (D:1)
26 creatures vanquished.

Vanquished Creatures (others)
  42 foxfires (D:1)
42 creatures vanquished.

Grand Total: 68 creatures vanquished

Table legend: (Time is in decaauts)
 A = Elapsed time spent in this place.
 B = Non-inter-level travel time spent in this place.
 C = Inter-level travel time spent in this place.
 D = Time resting spent in this place.
 E = Time spent auto-exploring this place.
 F = Levels seen in this place.
 G = Mean time per level.
                   A        B        C        D        E       F      G
               +--------+--------+--------+--------+--------+-----+--------+
         Total |    400 |    400 |      0 |      0 |    267 |   2 |  200.0 |
       Dungeon |    400 |    400 |      0 |      0 |    267 |   2 |  200.0 |
               +--------+--------+--------+--------+--------+-----+--------+

Top non-repeatable levels by time:
     D:1: 383 daAuts
     D:2: 16 daAuts

Table legend:
 A = Non-vault XP
 B = Vault XP
 C = Vault XP percentage of total XP
 D = Non-vault monster count
 E = Vault monster count
 F = Vault count percentage of total count
                 A         B        C        D         E       F
            +---------+---------+-------+---------+---------+-------
      Total |      46 |       0 |   0.0 |      26 |       0 |   0.0
            +---------+---------+-------+---------+---------+-------
        D:1 |      46 |       0 |   0.0 |      26 |       0 |   0.0
            +---------+---------+-------+---------+---------+-------
